 Dungeon Crawl Stone Soup version 0.28.0 (webtiles) character file.

Game seed: 1307785427702006489

1599 iguanaiguana the Shield-Bearer (level 8, -3/106 HPs)
             Began as a Minotaur Fighter on Feb 13, 2022.
             Slain by an orc warrior (16 damage)
             ... on level 8 of the Dungeon.
             The game lasted 00:10:03 (6293 turns).

iguanaiguana the Shield-Bearer (Minotaur Fighter)   Turns: 6293, Time: 00:10:03

Health: -3/106     AC: 24    Str: 22    XL:     8   Next: 62%
Magic:  7/7        EV:  2    Int:  5    God:
Gold:   514        SH: 10    Dex:  9    Spells: 7/7 levels left

rFire   . . .      SeeInvis .   z - +3 war axe
rCold   . . .      Faith    .   c - +0 buckler
rNeg    . . .      Spirit   .   (armour currently unavailable)
rPois   +          Reflect  +   (helmet currently unavailable)
rElec   .          Harm     .   (cloak currently unavailable)
rCorr   +          Rampage  .   (gloves currently unavailable)
Will    +....      NoTele   +   (boots currently unavailable)
Stlth   +.........              r - amulet of reflection
HPRegen 0.27/turn               j - ring of resist corrosion
MPRegen 0.10/turn               u - ring of flight

@: tree-form
A: stationary, stasis, torment immunity, boosted hp, (horns 2), (retaliatory
headbutt), clumsy 1, strong-willed 1
a: no special abilities


You were on level 8 of the Dungeon.
You were a tree.
You visited 1 branch of the dungeon, and saw 8 of its levels.

You collected 514 gold pieces.

Inventory:

Hand Weapons
 f - a +0 arbalest
 l - the +10 dagger of the Crypt {drain, rPois rC+ Int+4 Stlth+}
   (You found it on level 2 of the Dungeon)

   A truly terrible weapon, it drains the life of any living foe it strikes.
   Int:       It affects your intelligence (+4).
   rC:        It protects you from cold.
   rPois:     It protects you from poison.
   Stlth:     It makes you more stealthy.
 z - a +3 war axe (weapon)
Missiles
 g - 29 bolts
 i - 24 poisoned darts (quivered)
 F - 2 throwing nets
Armour
 a - a +0 chain mail (melded)
 c - a +0 buckler (worn)
 o - a +0 pair of gloves (melded)
 x - a +0 cloak (melded)
Jewellery
 j - a ring of resist corrosion (left branch)
 r - an amulet of reflection (around neck)
 u - a ring of flight (right branch)
 C - a ring of wizardry
 I - a +6 ring of intelligence
Wands
 b - a wand of flame (12)
 w - a wand of digging (7) {@v3}
 y - a wand of acid (19) {@v1}
 E - a wand of polymorph (12)
Scrolls
 e - 3 scrolls of identify {@r1}
 h - 4 scrolls of teleportation {unknown}
 k - 2 scrolls of noise {unknown}
 m - a scroll of enchant weapon {unknown}
 n - 2 scrolls of magic mapping {unknown}
 p - a scroll of brand weapon {unknown}
 t - a scroll of immolation {unknown}
 A - 2 scrolls of summoning {unknown}
 H - a scroll of enchant armour {unknown}
Potions
 q - 2 potions of brilliance
 v - 3 potions of degeneration
 D - a potion of haste {unknown}
 G - a potion of resistance {unknown}
 J - 2 potions of attraction


   Skills:
 + Level 6.8 Fighting
 * Level 7.0 Axes
 - Level 3.5 Crossbows
 + Level 6.7 Armour
 * Level 7.5 Shields


You had 7 spell levels left.
You didn't know any spells.
Your spell library contained the following spells:

 Spells                   Type           Power      Damage    Failure   Level
 Pain                     Necr           0%         1d4       54%         1
 Slow                     Hex            0%         N/A       54%         1
 Confusing Touch          Hex            0%         N/A       89%         3
 Gell's Gravitas          Tloc           0%         N/A       89%         3
 Summon Guardian Golem    Hex/Summ       0%         N/A       89%         3
 Teleport Other           Tloc           0%         N/A       89%         3
 Tukima's Dance           Hex            0%         N/A       89%         3
 Vampiric Draining        Necr           0%         2d6       89%         3
 Passage of Golubria      Tloc           0%         N/A       100%        4
 Petrify                  Tmut/Erth      0%         N/A       100%        4
 Agony                    Necr           0%         N/A       100%        5
 Excruciating Wounds      Necr           0%         N/A       100%        5
 Metabolic Englaciation   Hex/Ice        0%         N/A       100%        5
 Yara's Violent Unravell  Hex/Tmut       0%         3d3       100%        5
 Dispersal                Tloc           0%         N/A       100%        6
 Statue Form              Tmut/Erth      0%         N/A       100%        6
 Orb of Destruction       Conj           0%         9d5       100%        7
 Spellforged Servitor     Conj/Summ      0%         N/A       100%        7


Dungeon Overview and Level Annotations

Branches:
Dungeon (8/15)             Temple (0/1) D:6
   Lair: D:8-11

Altars:
Elyvilon
Fedhas
Kikubaaqudgha
Qazlal
Ru
Sif Muna
The Shining One

Annotations:
D:8 Psyche


Innate Abilities, Weirdness & Mutations

You are a tree.
Your roots penetrate the ground, keeping you stationary.
You cannot be teleported.
You are immune to unholy pain and torment.
Your maximum health is greatly increased.
Your equipment is partially melded.
((You have a pair of horns on your head.))
((You reflexively headbutt those who attack you in melee.))
You are clumsy. (Dex -2)
You are strong-willed. (Will+)


Message History

You are more poisoned.
You hit the orc warrior but do no damage.
The orc warrior is heavily wounded.
You feel extremely sick. You block the orc warrior's attack.
You hit the orc warrior but do no damage.
You headbutt the orc warrior.
The orc warrior is severely wounded.
You feel very sick.
The orc warrior hits you with a +3 halberd of venom!
You are more poisoned.
You hit the orc warrior.
The orc warrior is severely wounded.
You feel extremely sick.
The orc warrior hits you with a +3 halberd of venom.
* * * LOW HITPOINT WARNING * * *
You are more poisoned.
You completely miss the orc warrior.
The orc warrior is severely wounded.
* * * LOW HITPOINT WARNING * * *
You feel extremely sick.
The orc warrior hits you with a +3 halberd of venom!
* * * LOW HITPOINT WARNING * * *
You are more poisoned.
It was a potion of lignification.
You turn into a tree.
Your +0 cloak melds into your body.
Your +0 pair of gloves melds into your body.
Your +0 chain mail melds into your body.
Your roots penetrate the ground.
* * * LOW HITPOINT WARNING * * *
You feel very sick. You block the orc warrior's attack.
It was a potion of curing.
You feel better.
The orc warrior hits you but does no damage.
Okay, then.
Okay, then.
It was a potion of mutation.
You feel extremely strange.
You feel clumsy.
You feel strong-willed.
The orc warrior hits you with a +3 halberd of venom!
You die...

...#.##.... ...
..........###...
. #....#.<......
..#............
........(..$.# .
.............#...
.................
......o♣.<.......
#................
...#..#....#.#...
# ######..# # #
#.## ###


You could see an orc warrior.

Vanquished Creatures
  A water moccasin (D:5)
  2 ice beasts (D:7)
  A sky beast (D:5)
  3 ogres
  A kobold brigand (D:6)
  2 wyvern zombies
  An electric eel (D:6)
  A jelly (D:6)
  Crazy Yiuf (D:4)
  2 orc priests
  A centaur zombie (D:7)
  A gnoll shaman (D:5)
  2 hounds
  Ijyb (D:5)
  3 iguanas
  4 orc wizards
  A killer bee zombie (D:5)
  A hound skeleton (D:5)
  2 howler monkey zombies
  Robin (D:2)
  6 adders
  5 gnolls (D:5)
  2 ufetubi
  An adder skeleton (D:4)
  4 worms
  A dart slug (D:1)
  16 orcs
  6 bats
  5 endoplasms
  4 giant cockroaches
  13 goblins
  8 hobgoblins
  3 quokkas
  3 ball pythons
  13 kobolds
  6 rats
128 creatures vanquished.

Notes
Turn   | Place    | Note
-------+----------+-------------------------------------------
     0 | D:1      | iguanaiguana the Minotaur Fighter began the quest for the
                  | Orb.
     0 | D:1      | Reached XP level 1. HP: 19/19 MP: 0/0
   269 | D:1      | Reached XP level 2. HP: 24/27 MP: 1/1
   853 | D:2      | Found a faded altar of an unknown god.
   866 | D:2      | Reached XP level 3. HP: 32/33 MP: 2/2
   874 | D:2      | Noticed Robin
  1142 | D:2      | Killed Robin
  1423 | D:2      | Reached skill level 1 in Crossbows
  1459 | D:2      | Identified the +10 dagger of the Crypt {drain, rPois rC+
                  | Int+4 Stlth+}
  1523 | D:2      | Found a sacrificial altar of Ru.
  1745 | D:3      | Reached XP level 4. HP: 40/40 MP: 3/3
  2331 | D:3      | Found an ancient bone altar of Kikubaaqudgha.
  2483 | D:4      | Found a shimmering blue altar of Sif Muna.
  2489 | D:4      | Found a glowing golden altar of the Shining One.
  2517 | D:4      | Reached XP level 5. HP: 47/47 MP: 4/4
  2719 | D:4      | Found a runed translucent door.
  2720 | D:4      | Noticed Crazy Yiuf
  2794 | D:4      | Found a blossoming altar of Fedhas.
  3082 | D:4      | Killed Crazy Yiuf
  3083 | D:4      | Reached skill level 5 in Fighting
  3083 | D:4      | Reached skill level 5 in Armour
  3083 | D:4      | Reached XP level 6. HP: 44/56 MP: 5/5
  3192 | D:5      | Entered Level 5 of the Dungeon
  3318 | D:5      | Noticed Ijyb
  3326 | D:5      | Killed Ijyb
  3479 | D:5      | Noticed a water moccasin
  3489 | D:5      | Killed a water moccasin
  3490 | D:5      | Reached skill level 5 in Shields
  3494 | D:5      | Reached XP level 7. HP: 38/61 MP: 6/6
  3777 | D:5      | Reached skill level 5 in Axes
  4639 | D:6      | Reached XP level 8. HP: 70/70 MP: 7/7
  4750 | D:6      | Found a stormy altar of Qazlal.
  4753 | D:6      | Found a white marble altar of Elyvilon.
  4879 | D:6      | Found a staircase to the Ecumenical Temple.
  6256 | D:8      | Noticed Psyche
  6291 | D:8      | HP: 2/106 [poisoned by an orc warrior]
  6293 | D:8      | Gained mutation: You are clumsy. (Dex -2) [potion of
                  | mutation]
  6293 | D:8      | Gained mutation: You are strong-willed. (Will+) [potion of
                  | mutation]
  6293 | D:8      | Slain by an orc warrior

Illustrated notes

Levels and vault maps discovered:
D:1:      lightli_arrival_statue_moat, layout_basic, corexii_hall_statues_x,
          nrook_mini_vaults
D:2:      layout_basic, basic_ecumenical_altar, basic_altar, uniq_robin
D:3:      layout_basic, kiku_gazebo_pond_becter
D:4:      layout_cave_pools, fedhas_ov_isle_minmay, grunt_temple_overflow_open,
          kennysheep_cluttered_room, uniq_crazy_yiuf_cottage
D:5:      layout_loops_cross, uniq_ijyb
D:6:      layout_rooms, nicolae_overflow_squiral,
          minmay_temple_entry_purple_smoke
D:7:      layout_gridville, minmay_starry_boxes
D:8:      layout_cave_pools, lemuel_zombie_altar_yredelemnul, enter_bailey_5,
          hellmonk_guarded_unrand_frostbite, uniq_harold, uniq_psyche

Skill      XL: |  1  2  3  4  5  6  7  8 |
---------------+-------------------------+-----
Axes           | 3 4 5 7 |  7.0
Armour         | 4 5 6 |  6.7
Fighting       | 4 5 6 |  6.8
Shields        | 4 5 6 7 |  7.5
Crossbows      | 1 2 3 |  3.5

Action                   |  1- 3 |  4- 6 |  7- 9 || total
-------------------------+-------+-------+-------++-------
Melee: War axe           |    78 |    43 |   134 ||   255
       Headbutt          |    11 |     8 |    21 ||    40
 Fire: Arbalest          |    17 |    73 |       ||    90
  Use: Potion            |       |     1 |     3 ||     4
       Scroll            |       |       |     3 ||     3
Armor: Scale mail        |    55 |    34 |       ||    89
       Chain mail        |       |       |    78 ||    78
       Skin              |       |       |     1 ||     1
Dodge: Dodged            |    43 |    35 |    44 ||   122
Block: Buckler           |     7 |    14 |    73 ||    94
       Other             |       |     5 |       ||     5
       Reflection        |       |       |     6 ||     6
